 Dungeon Crawl Stone Soup version 0.27.1-1-g398f81649c (webtiles) character file.

Game seed: 15561219326379988288

311 MajorAdolf the Firebug (level 6, -2/51 HPs)
             Began as a Naga Wanderer on Sept 6, 2021.
             Slain by a black bear (3 damage)
             ... on level 4 of the Dungeon.
             The game lasted 00:06:48 (5044 turns).

MajorAdolf the Firebug (Naga Wanderer)              Turns: 5044, Time: 00:06:50

Health: -2/51      AC:  3    Str: 16    XL:     6   Next: 42%
Magic:  6/10       EV:  9    Int: 15    God:
Gold:   106        SH:  0    Dex: 14    Spells: 7/11 levels left

rFire    . . .     SeeInvis +   i - +0 long sword
rCold    . . .     Faith    .   (no shield)
rNeg     . . .     Spirit   .   c - +0 robe
rPois    +         Reflect  .   (no helmet)
rElec    .         Harm     .   (no cloak)
rCorr    .         Rampage  .   (no gloves)
Will     .....                  (no barding)
Stlth    ++........             (no amulet)
HPRegen  0.17/turn              n - +6 ring of dexterity
MPRegen  0.12/turn              (no ring)

@: very slow
A: AC +2, large, see invisible, deformed body, poison resistance, slowness 2,
spit poison 1, naga tail 1
a: Spit Poison


You were on level 4 of the Dungeon.
You visited 1 branch of the dungeon, and saw 4 of its levels.

You collected 106 gold pieces.

Inventory:

Hand Weapons
 a - a +0 shortbow
 i - a +0 long sword (weapon)
Missiles
 b - 70 arrows
 k - 110 stones
Armour
 c - a +0 robe (worn)
Magical Staves
 j - a staff of death
Jewellery
 n - a +6 ring of dexterity (left hand)
Scrolls
 d - a scroll of fog
 e - 2 scrolls of identify
 g - a scroll of brand weapon {unknown}
 h - a scroll of teleportation {unknown}
 l - a scroll of enchant weapon {unknown}


   Skills:
 - Level 1.0 Fighting
 - Level 1.7 Bows
 - Level 1.0 Throwing
 - Level 1.5 Stealth
 - Level 3.0 Spellcasting
 + Level 3.7 Conjurations
 - Level 2.0 Necromancy
 + Level 4.0 Fire Magic


You had 7 spell levels left.
You knew the following spells:

 Your Spells              Type           Power      Damage    Failure   Level
a - Foxfire               Conj/Fire      56%        2x1d6     4%          1
b - Conjure Flame         Conj/Fire      14%        6-21      12%         3

Your spell library contained the following spells:

 Spells                   Type           Power      Damage    Failure   Level
 Animate Skeleton         Necr           16%        N/A       9%          1
 Inner Flame              Hex/Fire       8%         N/A       26%         3
 Vampiric Draining        Necr           4%         2d6       26%         3
 Stone Arrow              Conj/Erth      14%        3d7       28%         3
 Sticky Flame             Conj/Fire      14%        2d4       36%         4
 Fireball                 Conj/Fire      7%         3d5       73%         5
 Iskenderun's Battlesphe  Conj           13%        2d7       75%         5
 Animate Armour           Summ/Erth      4%         N/A       89%         4
 Conjure Ball Lightning   Conj/Air       3%         3x3d6     100%        6
 Orb of Destruction       Conj           6%         9d3       100%        7
 Lehudib's Crystal Spear  Conj/Erth      3%         10d3      100%        8


Dungeon Overview and Level Annotations

Branches:
Dungeon (4/15)
 Temple: D:4-7

Altars:

Annotations:
D:3 1 runed translucent door, Crazy Yiuf


Innate Abilities, Weirdness & Mutations

Your serpentine skin is tough. (AC +2)
You have supernaturally acute eyesight. (SInv)
Armour fits poorly on your strangely shaped body.
Your system is resistant to poisons. (rPois)
You cover ground very slowly.
You can spit poison.
You have a snake-like lower body.


Message History

The centaur kicks you but does no damage.
The centaur closely misses you. The centaur kicks you. The hobgoblin hits you.
The centaur hits you but does no damage.
The centaur kicks you but does no damage.
Unknown command.
The foxfire hits the centaur but does no damage.
The centaur is moderately wounded.
The centaur hits you. The centaur closely misses you.
A black bear comes into view.
The hobgoblin barely misses you.
You riposte.
The black bear growls angrily.
You slash the hobgoblin!
You kill the hobgoblin!
The centaur barely misses you.
You riposte.
You slash the centaur!
The centaur is severely wounded.
The centaur kicks you but does no damage.
The centaur closely misses you. The centaur kicks you.
The centaur wields a +0 shortbow.
The centaur shoots an arrow.
The arrow hits you!
The centaur shoots an arrow.
The arrow hits you!
* * * LOW HITPOINT WARNING * * *
You aren't carrying any potions.
Unknown command.
Okay, then.
As you read the scroll labelled EREUKO CYPPE, it crumbles to dust.
It is a scroll of identify.
d - a scroll of fog The black bear bites you!
* * * LOW HITPOINT WARNING * * *
The black bear claws you.
* * * LOW HITPOINT WARNING * * *
The black bear closely misses you.
As you read the scroll labelled IFUCAMM WUEF, it crumbles to dust.
You hear a loud clanging noise!
It was a scroll of noise.
You hear an angry hiss.
The black bear bites you.
* * * LOW HITPOINT WARNING * * *
The black bear claws you.
You die...

#.#.. #..# #....
#.. #..##
#..######## #..#
#.........####..##
#.####>...†.......
# #.#
#...........## #.
#.# ##...######.#
##.. #@# ##.## #.#
.....##h# #.# #.#
.......c# #.# #.#
........#####.#
#.#
.........§....#
#.#
#....#..#######
#.# #....#..# #.#
.........
#.##.#$.#


You could see a black bear and a centaur.

Vanquished Creatures
  A sky beast (D:3)
  An ogre (D:3)
  A hound (D:4)
  A hound skeleton (D:4)
  3 adders
  4 dart slugs
  An orc (D:3)
  2 endoplasms
  3 giant cockroaches
  6 goblins
  11 hobgoblins
  3 jackals (D:4)
  4 ball pythons
  3 bats
  2 frilled lizards (D:1)
  6 kobolds
  8 rats
60 creatures vanquished.

Vanquished Creatures (others)
  230 foxfires
  A fungus (D:3)
231 creatures vanquished.

Grand Total: 291 creatures vanquished

Notes
Turn   | Place    | Note
-------+----------+-------------------------------------------
     0 | D:1      | MajorAdolf the Naga Wanderer began the quest for the Orb.
     0 | D:1      | MajorAdolf set off with the following items: a +0 shortbow,
                  | 22 arrows, a +0 robe; and the following spells available to
                  | memorise: Animate Skeleton, Foxfire, Vampiric Draining,
                  | Conjure Flame, Inner Flame, Sticky Flame, Fireball
     0 | D:1      | Reached XP level 1. HP: 18/18 MP: 3/3
     2 | D:1      | Learned a level 1 spell: Foxfire
   189 | D:1      | Reached skill level 1 in Conjurations
   189 | D:1      | Reached XP level 2. HP: 25/25 MP: 0/5
  1285 | D:1      | Reached XP level 3. HP: 31/31 MP: 0/6
  1286 | D:1      | Reached skill level 2 in Fire Magic
  1671 | D:1      | Found a faded altar of an unknown god.
  2829 | D:2      | Reached XP level 4. HP: 30/38 MP: 3/7
  2981 | D:3      | Noticed an ogre
  2989 | D:3      | Killed an ogre
  2990 | D:3      | Reached skill level 3 in Fire Magic
  2990 | D:3      | Reached XP level 5. HP: 40/44 MP: 1/9
  3678 | D:3      | Noticed a sky beast
  3696 | D:3      | HP: 1/44 [sky beast (5)]
  3701 | D:3      | Killed a sky beast
  3702 | D:3      | Reached XP level 6. HP: 3/51 MP: 1/10
  4099 | D:3      | Learned a level 3 spell: Conjure Flame
  4578 | D:3      | Found a runed translucent door.
  4579 | D:3      | Noticed Crazy Yiuf
  4976 | D:4      | Reached skill level 4 in Fire Magic
  5039 | D:4      | Noticed a black bear
  5044 | D:4      | HP: 1/51 [black bear (2)]
  5044 | D:4      | Slain by a black bear

Illustrated notes

Levels and vault maps discovered:
D:1:      lightli_iron_boxes, layout_basic, basic_ecumenical_altar,
          minmay_box_of_dots
D:2:      layout_basic, hangedman_glass_teeth
D:3:      layout_basic, uniq_crazy_yiuf_cottage
D:4:      layout_loops_ring, supply_closet_lemuel

Skill      XL: |  1  2  3  4  5  6 |
---------------+-------------------+-----
Conjurations   | 1 2 3 |  3.7
Fire Magic     | 2 3 4 |  4.0
Spellcasting   | 3 |  3.0
Fighting       | |  1.0
Bows           | |  1.7
Throwing       | |  1.0
Stealth        | |  1.5
Necromancy     | |  2.0

Action                   |  1- 3 |  4- 6 || total
-------------------------+-------+-------++-------
Melee: Long sword        |     2 |    11 ||    13
 Fire: Shortbow          |     2 |       ||     2
 Cast: Foxfire           |    63 |    71 ||   134
 Abil: Spit Poison       |     8 |     4 ||    12
  Use: Potion            |       |     2 ||     2
       Scroll            |       |     2 ||     2
 Stab: Sleeping          |       |     1 ||     1
Armor: Robe              |     9 |    16 ||    25
       Skin              |       |     3 ||     3
Dodge: Dodged            |    19 |    26 ||    45
       Rpst.: Long sword |     1 |     9 ||    10
